 Dungeon Crawl Stone Soup version 0.28-a0-828-g0121872642 (webtiles) character file.

Game seed: 4863082220485550928

125 ytrimaz the Chopper (level 4, 32/35 HPs)
             Began as a Demonspawn Fighter on Nov 10, 2021.
             Was an Initiate of Qazlal.
             Quit the game on level 3 of the Dungeon.
             The game lasted 00:01:48 (2962 turns).

ytrimaz the Chopper (Demonspawn Fighter)            Turns: 2962, Time: 00:01:49

Health: 32/35      AC:  9    Str: 17    XL:     4   Next: 82%
Magic:  4/4        EV:  9    Int: 10    God:    Qazlal [......]
Gold:   31         SH:  4    Dex: 12    Spells: 3/3 levels left

rFire   . . .      SeeInvis .   a - +0 war axe
rCold   . . .      Faith    .   c - +0 buckler
rNeg    . . .      Spirit   .   b - +0 scale mail
rPois   .          Reflect  .   (helmet restricted)
rElec   .          Harm     .   (no cloak)
rCorr   .          Rampage  .   (no gloves)
Will    .....                   (no boots)
Stlth   ..........              (no amulet)
HPRegen 0.11/turn               (no ring)
MPRegen 0.09/turn               (no ring)

@: no status effects
A: antennae 1, icy blue scales 2
a: Renounce Religion


You were on level 3 of the Dungeon.
You worshipped Qazlal.
Qazlal was noncommittal.
You visited 1 branch of the dungeon, and saw 3 of its levels.

You collected 31 gold pieces.

Inventory:

Hand Weapons
 a - a +0 war axe (weapon)
Armour
 b - a +0 scale mail (worn)
 c - a +0 buckler (worn)
Scrolls
 f - a scroll of amnesia
 g - a scroll of magic mapping
 h - a scroll of blinking {unknown}
 j - a scroll of identify
Potions
 d - a potion of curing
 e - 2 potions of brilliance
 i - a potion of attraction {unknown}


   Skills:
 + Level 3.4 Fighting
 * Level 3.6 Axes
 + Level 3.2 Armour
 + Level 3.0 Shields


You had 3 spell levels left.
You didn't know any spells.
Your spell library contained the following spells:

 Spells                   Type           Power      Damage    Failure   Level
 Ozocubu's Armour         Ice            0%         N/A       99%         3
 Summon Guardian Golem    Hex/Summ       0%         N/A       99%         3
 Passage of Golubria      Tloc           0%         N/A       100%        4
 Metabolic Englaciation   Hex/Ice        0%         N/A       100%        5
 Silence                  Hex/Air        0%         N/A       100%        5
 Simulacrum               Ice/Necr       0%         N/A       100%        6
 Orb of Destruction       Conj           0%         N/A       100%        7
 Spellforged Servitor     Conj/Summ      0%         N/A       100%        7
 Lehudib's Crystal Spear  Conj/Erth      0%         10d2      100%        8


Dungeon Overview and Level Annotations

Branches:
Dungeon (3/15)

Altars:
Qazlal

Shops:
D:3 (


Innate Abilities, Weirdness & Mutations

You have a pair of small antennae on your head.
You are mostly covered in icy blue scales. (AC +3)


Message History

A quokka comes into view.
The adder bites you but does no damage.
You miss the adder.
The adder is moderately wounded.
The adder bites you but does no damage. x2
You hit the adder.
The adder is heavily wounded.
The adder barely misses you. The dart slug launches a dart at you.
The slug dart hits you but does no damage.
The adder bites you but does no damage.
You miss the adder.
The adder is heavily wounded.
The adder bites you but does no damage.
You barely miss the adder.
The adder is heavily wounded.
You hit the dart slug but do no damage. You hit the quokka.
The quokka bites you but does no damage.
The adder bites you but does no damage. You block the quokka's attack.
The adder barely misses you.
The dart slug bites you but does no damage.
You hit the adder.
The adder is severely wounded.
You slash the dart slug! You hit the quokka.
The adder bites you but does no damage. The quokka barely misses you.
The adder barely misses you.
The quokka bites you but does no damage.
The dart slug bites you but does no damage.
You hit the dart slug.
You kill the dart slug!
Qazlal accepts your kill.
You hit the quokka.
You kill the quokka!
Qazlal accepts your kill.
You miss the adder. The adder barely misses you. You block the adder's attack.
You hit the adder.
You kill the adder!
Qazlal accepts your kill.
Found a potion of curing.
Are you sure you want to abandon this character and quit the game? (Confirm with "yes".)

#########.#....### ..#
#.................# ..
#.######........#.# ..
...# #.##.......# . ##.
#.###.......#### .....
#............#
..#.#.###..##.##.#.#####
...(.....)†.........>..#
.#....@...##..#####.#.#
####...####........#.#
##.......<.#....#..
#...####..#.#.#### (....
....#.....
###..###..######## .!..
#..# #.#.#... #..#


There were no monsters in sight!

Vanquished Creatures
  A jelly (D:3)
  4 adders
  2 dart slugs
  5 ball pythons
  3 bats
  6 endoplasms
  2 giant cockroaches
  6 hobgoblins
  9 kobolds
  4 quokkas
  4 frilled lizards (D:2)
  4 goblins
  2 rats (D:1)
52 creatures vanquished.

Notes
Turn   | Place    | Note
-------+----------+-------------------------------------------
     0 | D:1      | ytrimaz the Demonspawn Fighter began the quest for the Orb.
     0 | D:1      | Reached XP level 1. HP: 18/18 MP: 1/1
   140 | D:1      | Gained mutation: You are partially covered in icy blue
                  | scales. (AC +2) [demonic ancestry]
   140 | D:1      | Reached XP level 2. HP: 5/24 MP: 2/2
   478 | D:1      | Found a faded altar of an unknown god.
   703 | D:1      | Gained mutation: You are mostly covered in icy blue scales.
                  | (AC +3) [demonic ancestry]
   703 | D:1      | Reached XP level 3. HP: 11/29 MP: 3/3
  1714 | D:2      | Found a stormy altar of Qazlal.
  1722 | D:2      | Became a worshipper of Qazlal Stormbringer
  2313 | D:2      | Gained mutation: You have a pair of small antennae on your
                  | head. [demonic ancestry]
  2313 | D:2      | Reached XP level 4. HP: 35/35 MP: 4/4
  2759 | D:3      | Found Ofre Ekki's Antique Weapon Shop.
  2962 | D:3      | Quit the game

Illustrated notes

Levels and vault maps discovered:
D:1:      dpeg_arrival_boxorama, layout_rooms,
          shapermc_ecumenical_altar_flowoftime, chequers_serial_rivers_micro_e,
          kennysheep_crisscross
D:2:      layout_basic, basic_altar, minmay_3d_cube
D:3:      kennysheep_the_goblin_king, layout_basic, grunt_temple_overflow_open,
          serial_curves, eino_curves_02, eino_curves_04, serial_shops,
          nicolae_diamond_shop

Skill      XL: |  1  2  3 |
---------------+----------+-----
Axes           | 2 3 |  3.6
Shields        | 3 |  3.0
Armour         | 3 |  3.2
Fighting       | |  3.4

Action                   |  1- 3 |  4- 6 || total
-------------------------+-------+-------++-------
Melee: War axe           |   111 |    23 ||   134
  Use: Scroll            |     3 |       ||     3
       Potion            |     3 |       ||     3
Armor: Scale mail        |    62 |    21 ||    83
Dodge: Dodged            |    57 |     9 ||    66
Block: Buckler           |    38 |     6 ||    44

Table legend: (Time is in decaauts)
 A = Elapsed time spent in this place.
 B = Non-inter-level travel time spent in this place.
 C = Inter-level travel time spent in this place.
 D = Time resting spent in this place.
 E = Time spent auto-exploring this place.
 F = Levels seen in this place.
 G = Mean time per level.
                   A        B        C        D        E       F      G
               +--------+--------+--------+--------+--------+-----+--------+
         Total |   3015 |   2967 |     48 |    367 |   2237 |   3 | 1005.0 |
       Dungeon |   3015 |   2967 |     48 |    367 |   2237 |   3 | 1005.0 |
               +--------+--------+--------+--------+--------+-----+--------+

Top non-repeatable levels by time:
     D:2: 1508 daAuts
     D:1: 1271 daAuts
     D:3: 235 daAuts
